 Dungeon Crawl Stone Soup version 0.26-a0-800-g517d6fe721 (webtiles) character file.

Game seed: 7519770507109640048

5532 Kinoniko the Cleaver (level 10, -5/77 HPs)
             Began as a Red Draconian Berserker on Nov 11, 2020.
             Was an Elder of Trog.
             Slain by a centaur warrior (11 damage)
             ... on level 8 of the Dungeon.
             The game lasted 00:10:29 (8914 turns).

Kinoniko the Cleaver (Red Draconian Berserker)      Turns: 8914, Time: 00:10:29

Health: -5/77      AC: 11    Str: 21    XL:     10   Next: 43%
Magic:  10/10      EV: 12    Int:  8    God:    Trog [****..]
Gold:   527        SH:  5    Dex: 12    Spells: 9/9 levels left

rFire    + + .     SeeInvis .   C - +2 broad axe (flame)
rCold    + . .     Faith    .   p - +0 buckler
rNeg     . . .     Spirit   .   (armour unavailable)
rPois    .         Reflect  .   r - +1 hat
rElec    .         Harm     .   (no cloak)
rCorr    .         Rampage  .   u - +0 pair of gloves
MR       .....                  k - +1 pair of boots
Stlth    +.........             (no amulet)
HPRegen  0.22/turn              w - ring of protection from fire
MPRegen  0.12/turn              v - ring of protection from cold

@: berserk cooldown, slowed, lightly drained, very slow
A: breathe fire, unfitting armour, fire resistance 1, cold-blooded, AC +7
a: Breathe Fire, Berserk, Trog's Hand, Brothers in Arms, Renounce Religion


You were on level 8 of the Dungeon.
You worshipped Trog.
Trog was greatly pleased with you.
You visited 1 branch of the dungeon, and saw 8 of its levels.

You collected 527 gold pieces.

Inventory:

Hand Weapons
 C - a +2 broad axe of flaming (weapon)
 E - the +4 rapier of Tumult {vorpal, rElec Dex+4}
   (You found it on level 8 of the Dungeon)

   It inflicts extra damage upon your enemies.
   It affects your dexterity (+4).
   It insulates you from electricity.
Armour
 k - a +1 pair of boots (worn)
 p - a +0 buckler (worn)
 r - a +1 hat (worn)
 u - a +0 pair of gloves (worn)
Jewellery
 d - an uncursed ring of flight
 g - an uncursed ring of see invisible
 v - a ring of protection from cold (right hand)
 w - a ring of protection from fire (left hand)
Wands
 j - a wand of polymorph (9)
 q - a wand of iceblast (7)
 s - a wand of random effects (16)
 B - a wand of paralysis (4)
Scrolls
 e - 3 scrolls of teleportation
 l - a scroll of noise {unknown}
 m - a scroll of magic mapping {unknown}
 x - a scroll of blinking
 y - a scroll of identify
Potions
 a - a potion of attraction {unknown}
 b - a potion of curing
 c - a potion of resistance {unknown}
 f - 2 potions of degeneration {unknown}
 h - 2 potions of magic {unknown}
 i - a potion of brilliance {unknown}
 n - 3 potions of might {unknown}
 o - 2 potions of heal wounds {unknown}
 t - a potion of flight {unknown}
 z - a potion of lignification {unknown}
 A - a potion of mutation {unknown}
 D - a potion of haste {unknown}


   Skills:
 - Level 3.2(3.0) Fighting
 * Level 14.3(13.9) Axes
 - Level 2.6(2.4) Dodging
 - Level 5.3(5.0) Shields


You had 9 spell levels left.
You didn't know any spells.
Your spell library contained the following spells:

 Spells                   Type           Power        Failure   Level
 Confusing Touch          Hex            #.......     78%         3
 Gell's Gravitas          Tloc           #.........   78%         3
 Petrify                  Tmut/Erth      #.......     99%         4
 Metabolic Englaciation   Hex/Ice        #.........   100%        5
 Yara's Violent Unravell  Hex/Tmut       #.........   100%        5


Dungeon Overview and Level Annotations

Branches:
Dungeon (8/15)             Temple (0/1) D:7            Lair (0/6) D:8

Altars:
Elyvilon
Gozag
Kikubaaqudgha
Makhleb
Qazlal
Ru
Sif Muna
Yredelemnul
Zin
The Shining One

Shops:
D:4 (


Innate Abilities, Weirdness & Mutations

You can breathe blasts of fire.
Your fiery red scales are hard. (AC +7)
You cannot fit into any form of body armour.
Your flesh is heat resistant. (rF+)
You are cold-blooded and may be slowed by cold attacks.


Message History

The centaur warrior barely misses you. The centaur warrior hits you!
You completely miss the centaur warrior.
The centaur warrior is lightly wounded.
The centaur warrior closely misses you. You block the centaur warrior's attack.
You hit the centaur warrior. You burn the centaur warrior.
You tail-slap the centaur warrior, but do no damage.
The centaur warrior is lightly wounded.
The centaur warrior hits you!
* * * LOW HITPOINT WARNING * * *
The centaur warrior hits you!
* * * LOW HITPOINT WARNING * * *
You feel better. You block the centaur warrior's attack.
The centaur warrior hits you.
* * * LOW HITPOINT WARNING * * *
You feel better. The centaur warrior hits you!
* * * LOW HITPOINT WARNING * * *
The centaur warrior hits you!
* * * LOW HITPOINT WARNING * * *
The centaur warrior hits you!
You die...

.... .# ....# .# #...#
.# #....###.###
.........## # #..#.....#
. #.†#c.# # ##.(@..#..#
##..........#
############..(......#.#
..###...####..#......#
..###....###.(########
..###....###..#
...#...#..##..#
#.....##..#..##
##...###....##


You could see a centaur warrior.

Vanquished Creatures
  3 death yaks (D:7)
  Maggie (D:7)
  Joseph (D:8)
  A water moccasin (D:8)
  An ice beast (D:6)
  2 necrophages (D:7)
  A phantom (D:7)
  4 ogres
  A centaur (D:6)
  Blork the orc (D:6)
  5 bullfrogs
  2 scorpions
  9 wights
  2 howler monkeys
  3 centaur zombies
  3 hounds
  2 centaur skeletons
  3 orc priests (D:8)
  4 orc wizards
  A bullfrog skeleton (D:6)
  4 iguanas
  A hell rat (D:7)
  4 worker ants
  A hound zombie (D:6)
  2 hound skeletons
  4 gnolls (D:6)
  A howler monkey skeleton (D:6)
  4 adders
  A river rat (D:8)
  3 shadow imps (D:8)
  A white imp (D:5)
  2 oozes
  4 adder skeletons
  An adder zombie (D:6)
  3 worms
  2 dart slugs
  5 leopard geckos
  20 orcs
  A ball python (D:2)
  9 giant cockroaches
  7 goblins
  11 hobgoblins
  8 quokkas
  9 bats
  2 frilled lizards (D:2)
  8 kobolds
  A leopard gecko zombie (D:8)
  A quokka skeleton (D:4)
  12 rats
182 creatures vanquished.

Vanquished Creatures (others)
  An adder (D:7)
1 creature vanquished.

Grand Total: 183 creatures vanquished

Notes
Turn   | Place    | Note
-------+----------+-------------------------------------------
     0 | D:1      | Kinoniko the Draconian Berserker began the quest for the
                  | Orb.
     0 | D:1      | Reached XP level 1. HP: 19/19 MP: 1/1
    29 | D:1      | Reached XP level 2. HP: 14/26 MP: 2/2
   539 | D:1      | Reached skill level 4 in Axes
   833 | D:1      | Reached XP level 3. HP: 29/31 MP: 3/3
  1290 | D:2      | Reached ** piety under Trog
  1624 | D:2      | Found a glowing golden altar of the Shining One.
  1786 | D:2      | Reached XP level 4. HP: 36/38 MP: 4/4
  1880 | D:2      | Found a stormy altar of Qazlal.
  1880 | D:2      | Found a shimmering blue altar of Sif Muna.
  2114 | D:3      | Reached skill level 5 in Axes
  2782 | D:4      | Reached skill level 1 in Shields
  2830 | D:4      | Found an opulent altar of Gozag.
  2858 | D:4      | Reached XP level 5. HP: 28/45 MP: 5/5
  3130 | D:4      | Found Qejery's Antique Weapon Emporium.
  3182 | D:4      | Found a burning altar of Makhleb.
  3374 | D:4      | Reached *** piety under Trog
  3441 | D:4      | Reached skill level 6 in Axes
  3441 | D:4      | Reached XP level 6. HP: 51/51 MP: 6/6
  3780 | D:5      | Entered Level 5 of the Dungeon
  4350 | D:5      | Found an ancient bone altar of Kikubaaqudgha.
  4378 | D:5      | Your scales start taking on a fiery red colour.
  4378 | D:5      | Reached XP level 7. HP: 56/57 MP: 7/7
  4378 | D:5      | Gained mutation: Your flesh is heat resistant. (rF+) [Red
                  | Draconian growth]
  4928 | D:5      | Found a basalt altar of Yredelemnul.
  4958 | D:5      | Found a glowing silver altar of Zin.
  5072 | D:5      | Found a white marble altar of Elyvilon.
  5172 | D:6      | Noticed Blork the orc
  5186 | D:6      | Reached skill level 7 in Axes
  5195 | D:6      | Killed Blork the orc
  5464 | D:6      | Reached skill level 5 in Shields
  5810 | D:6      | Reached skill level 8 in Axes
  5810 | D:6      | Reached XP level 8. HP: 63/63 MP: 8/8
  6360 | D:7      | Reached skill level 9 in Axes
  6366 | D:7      | Noticed Maggie
  6369 | D:7      | Paralysed by Maggie for 3 turns
  6686 | D:7      | Paralysed by Maggie for 3 turns
  6694 | D:7      | Killed Maggie
  6694 | D:7      | Reached skill level 10 in Axes
  6743 | D:7      | Found a staircase to the Ecumenical Temple.
  6846 | D:7      | Reached XP level 9. HP: 70/70 MP: 9/9
  6964 | D:8      | Found a staircase to the Lair.
  6964 | D:8      | Noticed a death yak
  6967 | D:8      | Noticed a death yak
  6968 | D:8      | Noticed a death yak
  7028 | D:7      | Killed a death yak
  7028 | D:7      | Reached skill level 11 in Axes
  7338 | D:7      | Killed a death yak
  7338 | D:7      | Reached skill level 12 in Axes
  7515 | D:7      | Killed a death yak
  7515 | D:7      | Reached skill level 13 in Axes
  7515 | D:7      | Reached XP level 10. HP: 77/77 MP: 10/10
  7741 | D:7      | Reached **** piety under Trog
  7947 | D:8      | Noticed Joseph
  7964 | D:8      | Killed Joseph
  8367 | D:8      | Reached skill level 14 in Axes
  8484 | D:8      | Got a masterwork rapier
  8485 | D:8      | Identified the +4 rapier of Tumult {vorpal, rElec Dex+4}
                  | (You found it on level 8 of the Dungeon)
  8851 | D:8      | Found a sacrificial altar of Ru.
  8900 | D:8      | Noticed a centaur warrior
  8914 | D:8      | Slain by a centaur warrior

Illustrated notes

Levels and vault maps discovered:
D:1:      grunt_arrival_lava_bath, layout_rooms
D:2:      layout_loops_ring, gammafunk_temple_overflow_elements,
          chequers_serial_rivers_room_b, nicolae_tso_swordbearing_angel
D:3:      layout_rooms
D:4:      layout_loops_cross, makhleb_heckhound_becter, lemuel_crystal_altar,
          serial_shops, shop_fountains
D:5:      layout_loops_ring, kennysheep_ying_yang, kennysheep_mini, basic_altar
D:6:      layout_loops_ring, uniq_blork_the_orc
D:7:      layout_rooms, temple_pool_b, uniq_maggie
D:8:      layout_rooms, hangedman_ru_absence, dpeg_lair_monsters,
          hangedman_glass_teeth, minmay_manual_mess, uniq_joseph

Skill      XL: |  1  2  3  4  5  6  7  8  9 10 |
---------------+-------------------------------+-----
Axes           | 4 5 6 8 10 13 14 | 14.3
Shields        | 1 3 4 5 |  5.3
Fighting       | |  3.2
Dodging        | |  2.6

Action                   |  1- 3 |  4- 6 |  7- 9 | 10-12 || total
-------------------------+-------+-------+-------+-------++-------
Melee: Hand axe          |    77 |       |       |       ||    77
       Tailslap          |    12 |    14 |    23 |     8 ||    57
       War axe           |    37 |   148 |   152 |       ||   337
       Broad axe         |       |       |    36 |   103 ||   139
Invok: Berserk           |     4 |     6 |    10 |     4 ||    24
       Trog's Hand       |       |       |     2 |       ||     2
 Abil: Breathe Fire      |       |       |     2 |       ||     2
  Use: Scroll            |     1 |     9 |       |     5 ||    15
       Potion            |       |       |       |     4 ||     4
 Stab: Distracted        |       |     1 |       |     1 ||     2
Armor: Skin              |    37 |    45 |    59 |    31 ||   172
Dodge: Dodged            |    92 |   101 |    95 |    39 ||   327
Block: Buckler           |       |    27 |    40 |    19 ||    86

Table legend: (Time is in decaauts)
 A = Elapsed time spent in this place.
 B = Non-inter-level travel time spent in this place.
 C = Inter-level travel time spent in this place.
 D = Time resting spent in this place.
 E = Time spent auto-exploring this place.
 F = Levels seen in this place.
 G = Mean time per level.
                   A        B        C        D        E       F      G
               +--------+--------+--------+--------+--------+-----+--------+
         Total |   9191 |   8937 |    254 |   4028 |   3572 |   8 | 1148.9 |
       Dungeon |   9191 |   8937 |    254 |   4028 |   3572 |   8 | 1148.9 |
               +--------+--------+--------+--------+--------+-----+--------+

Top non-repeatable levels by time:
     D:7: 1670 daAuts
     D:6: 1505 daAuts
     D:5: 1323 daAuts
     D:2: 1309 daAuts
     D:4: 1131 daAuts
     D:1: 950 daAuts
     D:8: 753 daAuts
     D:3: 548 daAuts
